 Dungeon Crawl Stone Soup version 0.25.1-2-g60ff931df9 (webtiles) character file.

Game seed: 13616046578339542713

487 Curus the Cleaver (level 6, -1/51 HPs)
             Began as a Minotaur Monk on Aug 28, 2020.
             Was a Believer of Okawaru.
             Killed from afar by Ijyb (17 damage)
             ... with a bolt of acid
             ... on level 4 of the Dungeon.
             The game lasted 00:14:29 (3341 turns).

Curus the Cleaver (Minotaur Monk)                   Turns: 3341, Time: 00:14:30

Health: -1/51      AC:  9    Str: 16    XL:     6   Next: 89%
Magic:  3/5        EV: 10    Int:  8    God:    Okawaru [**....]
Gold:   284        SH:  5    Dex: 11    Spells: 5/5 levels left

rFire    . . .     SeeInvis .   m - +0 war axe (pain)
rCold    . . .     Gourm    .   f - +0 buckler
rNeg     . . .     Faith    .   l - +0 chain mail
rPois    .         Spirit   .   (helmet restricted)
rElec    .         Reflect  .   (no cloak)
rCorr    .         Harm     .   (no gloves)
MR       .....                  (no boots)
Stlth    ..........             (no amulet)
HPRegen  0.17/turn              (no ring)
MPRegen  0.09/turn              (no ring)

@: heroism
A: retaliatory headbutt, horns 2, clumsy 1, wild magic 1
a: Heroism, Renounce Religion


You were on level 4 of the Dungeon.
You worshipped Okawaru.
Okawaru was pleased with you.
You were not hungry.

You visited 1 branch of the dungeon, and saw 4 of its levels.

You collected 284 gold pieces.

Inventory:

Hand Weapons
 a - a +3 hand axe
 k - a +2 vampiric hand axe
 m - a +0 war axe of pain (weapon)
Armour
 b - a +1 robe
 e - a +0 ring mail
 f - a +0 buckler (worn)
 g - a +0 scale mail
 l - a +0 chain mail (worn)
Wands
 d - a wand of clouds (7)
Scrolls
 h - 6 scrolls of remove curse
 i - a scroll of blinking
 o - a scroll of enchant armour
 p - a scroll of amnesia
 q - a scroll of identify
Potions
 n - 2 potions of curing
Comestibles
 c - 9 rations


   Skills:
 - Level 3.6(8.6) Fighting
 + Level 9.4(14.4) Axes
 - Level 3.2(8.2) Dodging
 - Level 1.5(6.5) Stealth


You had 5 spell levels left.
You didn't know any spells.
Your spell library was empty.

Dungeon Overview and Level Annotations

Branches:
Dungeon (4/15)
 Temple: D:4-7

Altars:
Okawaru
The Shining One

Annotations:
D:4 Ijyb


Innate Abilities, Weirdness & Mutations

You reflexively headbutt those who attack you in melee.
You have a pair of horns on your head.
You are clumsy. (Dex -2)
Your spells are a little harder to cast, but a little more powerful.


Message History

Ijyb zaps a wand.
The bolt of acid hits you!
You are splashed with acid!
You gain the combat prowess of a mighty hero.
Ijyb closely misses you.
You closely miss Ijyb.
Ijyb is lightly wounded.
Ijyb closely misses you.
You hit Ijyb but do no damage.
Ijyb is lightly wounded.
You hit Ijyb. You headbutt Ijyb!
Ijyb is heavily wounded.
Ijyb hits you with a +0 club.
You slash Ijyb! You headbutt Ijyb, but do no damage.
Ijyb is severely wounded.
Ijyb hits you but does no damage.
You hit Ijyb.
Ijyb is almost dead.
You completely miss Ijyb.
Ijyb is almost dead.
Ijyb zaps a wand.
The bolt of acid hits you!
You die...

#.# #....... #.#
#.##..## #.# #.##....
#.# #####.###### #.#
#.....# #.# #.#####
#.# #.# ########.#
#.# #..[...g@.# #.#
#.######### #.# #.###
###.######### #...#
#...........#
###...###
#.####.####.##
#.......### #.# #.#
#.... #......)..#
##.####.# #..##
#.......#.###.......#
#..#
###...###..........##
#..#


You could see Ijyb.

Vanquished Creatures
  An ice beast (D:4)
  2 orc priests (D:3)
  3 orc wizards
  An iguana (D:4)
  2 worker ants (D:4)
  5 adders
  2 oozes (D:1)
  2 worms (D:2)
  4 dart slugs
  2 leopard geckos
  22 orcs
  3 ball pythons
  4 giant cockroaches
  10 goblins
  5 hobgoblins
  3 jackals (D:2)
  5 kobolds
  6 bats
  5 frilled lizards
  A leopard gecko skeleton (D:4)
  10 rats
98 creatures vanquished.

Vanquished Creatures (others)
  5 toadstools (D:3)
5 creatures vanquished.

Grand Total: 103 creatures vanquished

Notes
Turn   | Place    | Note
-------+----------+-------------------------------------------
     0 | D:1      | Curus the Minotaur Monk began the quest for the Orb.
     0 | D:1      | Reached XP level 1. HP: 19/19 MP: 0/0
    39 | D:1      | Reached skill level 4 in Axes
    80 | D:1      | Reached XP level 2. HP: 21/26 MP: 1/1
   513 | D:1      | Reached skill level 5 in Axes
   596 | D:1      | Reached XP level 3. HP: 31/31 MP: 2/2
   901 | D:2      | Found a glowing golden altar of the Shining One.
  1295 | D:2      | Found an iron altar of Okawaru.
  1301 | D:2      | Gained mutation: You are clumsy. (Dex -2) [potion of
                  | mutation]
  1301 | D:2      | Gained mutation: Your spells are a little harder to cast,
                  | but a little more powerful. [potion of mutation]
  1308 | D:2      | Became a worshipper of Warmaster Okawaru
  1308 | D:2      | Reached * piety under Okawaru
  1308 | D:2      | Reached ** piety under Okawaru
  1394 | D:2      | Reached XP level 4. HP: 35/39 MP: 3/3
  1394 | D:2      | Reached skill level 6 in Axes
  1842 | D:3      | Reached skill level 7 in Axes
  1842 | D:3      | Reached XP level 5. HP: 21/45 MP: 4/4
  2575 | D:4      | Reached skill level 8 in Axes
  2762 | D:4      | Reached XP level 6. HP: 37/51 MP: 5/5
  2859 | D:4      | Noticed an ice beast
  2866 | D:4      | Killed an ice beast
  2953 | D:4      | Reached skill level 9 in Axes
  3323 | D:4      | Noticed Ijyb
  3341 | D:4      | Killed from afar by Ijyb

Illustrated notes

Levels and vault maps discovered:
D:1:      lemuel_arrival_room, layout_rooms, minmay_misc_feat_more_columns,
          minmay_quantized
D:2:      layout_rooms, kennysheep_okawaru_gauntlet,
          nicolae_overflow_crystal_walls
D:3:      layout_loops_ring, minmay_gold_behind_fungi
D:4:      layout_loops_ring, uniq_ijyb

Skill      XL: |  1  2  3  4  5  6 |
---------------+-------------------+-----
Axes           | 4 5 7 8 9 |  9.4
Fighting       | |  3.6
Dodging        | |  3.2
Stealth        | |  1.5

Action                   |  1- 3 |  4- 6 || total
-------------------------+-------+-------++-------
Melee: Hand axe          |    77 |    72 ||   149
       Headbutt          |     7 |    27 ||    34
       War axe           |       |    74 ||    74
Invok: Heroism           |       |     1 ||     1
  Use: Scroll            |     8 |     2 ||    10
       Potion            |     6 |     1 ||     7
 Stab: Sleeping          |     3 |     1 ||     4
  Eat: Chunk             |     1 |     7 ||     8
Armor: Robe              |    11 |     1 ||    12
       Ring mail         |       |     5 ||     5
       Scale mail        |       |     9 ||     9
       Chain mail        |       |    21 ||    21
Dodge: Dodged            |    48 |    42 ||    90
Block: Buckler           |     5 |    11 ||    16
